[Event "ICC Open 2015"]
[Site "Internet Chess Club"]
[Date "2015.05.30"]
[Round "8"]
[White "santiagoelawad"]
[Black "Sc6"]
[Result "1-0"]
[ICCResult "Black forfeits on time"]
[WhiteElo "2046"]
[BlackElo "1713"]
[Opening "English opening"]
[ECO "A16"]
[NIC "EO.64"]
[Time "15:34:45"]
[TimeControl "180+0"]

1. c4 Nf6 2. Nc3 g6 3. Nf3 Bg7 4. g3 O-O 5. Bg2 d6 6. O-O e5 7. b3 c6 8. Bb2
Nbd7 9. Rc1 a5 10. e3 Qc7 11. d4 Re8 12. Re1 Nf8 13. Qd2 Bg4 14. h3 Bxf3 15.
Bxf3 Rad8 16. Bg2 N6d7 17. Red1 Re7 18. dxe5 dxe5 19. Ba3 Ree8 20. Bd6 Qc8
21. Ne2 Nf6 22. Qxa5 Qa8 23. Qxa8 Rxa8 24. a4 e4 25. Nf4 Ne6 26. Nxe6 Rxe6
27. Bb4 b6 28. Bc3 c5 29. Rd2 Rae8 30. Rcd1 Bh6 31. Rd8 Kg7 32. Rxe8 Rxe8
33. Rd6 Re6 34. Rxe6 fxe6 35. Bxe4 Kf7 36. Bg2 Nd7 37. g4 Bf8 38. f4 Bd6 39.
Kf2 {Black forfeits on time} 1-0

[Event "ICC Open 2015"]
[Site "Internet Chess Club"]
[Date "2015.05.30"]
[Round "8"]
[White "VerdeNotte"]
[Black "ShcherbinMatvei"]
[Result "0-1"]
[ICCResult "White checkmated"]
[WhiteElo "2888"]
[BlackElo "2800"]
[Opening "Sicilian: closed, 2...Nc6"]
[ECO "B23"]
[NIC "SI.44"]
[Time "15:34:57"]
[TimeControl "180+0"]

1. e4 c5 2. Nc3 Nc6 3. Bb5 Nd4 4. Nf3 e6 5. Bd3 d6 6. Nxd4 cxd4 7. Ne2 Qb6
8. c3 dxc3 9. dxc3 Nf6 10. Be3 Qc7 11. Nd4 a6 12. g4 Be7 13. g5 Nd7 14. Qh5
Nc5 15. Bc2 O-O 16. O-O-O g6 17. Qf3 b5 18. h4 e5 19. Nb3 Be6 20. Nxc5 dxc5
21. h5 Rad8 22. Qg3 Bxa2 23. Qh4 Rxd1+ 24. Bxd1 Bd6 25. Bg4 b4 26. Bd2 bxc3
27. Bxc3 Rb8 28. Qh3 Qe7 29. f4 exf4 30. hxg6 fxg6 31. e5 Bc7 32. e6 f3 33.
Bf6 Bf4+ 34. Kc2 Qb7 35. Qxf3 Qb4 36. Bc3 Qb3+ 37. Kd3 Qc4+ 38. Kc2 Rd8 39.
Qxf4 Qd3+ 40. Kc1 Qb1# {White checkmated} 0-1

[Event "ICC Open 2015"]
[Site "Internet Chess Club"]
[Date "2015.05.30"]
[Round "8"]
[White "krankenstein"]
[Black "fredericton"]
[Result "0-1"]
[ICCResult "White forfeits on time"]
[WhiteElo "1143"]
[BlackElo "1780"]
[Opening "Modern defense"]
[ECO "A40"]
[NIC "QO.17"]
[Time "15:35:10"]
[TimeControl "180+0"]

1. d4 g6 2. Nf3 Bg7 3. Bf4 d6 4. e3 Bg4 5. h3 Bxf3 6. Qxf3 Nc6 7. a3 e5 8.
Bh2 exd4 9. exd4 Nxd4 10. Qe4+ Qe7 11. Qxe7+ Nxe7 12. Bd3 O-O-O 13. O-O Nef5
14. Nc3 Rhe8 15. Nd5 c6 16. c3 Nb3 17. Rad1 cxd5 18. Bxf5+ gxf5 19. Rxd5 Kc7
20. Rb5 Nd2 21. Rd1 Re2 22. Rd5 Ne4 23. f3 Nf6 24. Bxd6+ Kc8 25. Rxf5 Rxb2
26. Rc5+ Kd7 27. Bc7+ Ke6 28. Bxd8 Nd7 29. Rcd5 Ne5 30. Rd6+ Kf5 31. g4+ Kf4
32. Bc7 Nxf3+ 33. Kf1 Nh2+ {White forfeits on time} 0-1

[Event "ICC Open 2015"]
[Site "Internet Chess Club"]
[Date "2015.05.30"]
[Round "8"]
[White "Ricotero"]
[Black "Dark-Magician"]
[Result "1-0"]
[ICCResult "Black checkmated"]
[WhiteElo "2076"]
[BlackElo "2277"]
[Opening "Sicilian: Smith-Morra gambit"]
[ECO "B21"]
[NIC "SI.48"]
[Time "15:36:05"]
[TimeControl "180+0"]

1. e4 c5 2. d4 cxd4 3. c3 d3 4. Bxd3 Nc6 5. Nf3 d6 6. O-O g6 7. Qb3 Be6 8.
Qxb7 Na5 9. Bb5+ Bd7 10. Bxd7+ Qxd7 11. Qxa8+ Qd8 12. Qxd8+ Kxd8 13. Be3 Nc6
14. Nbd2 Nf6 15. b4 Ng4 16. Rfe1 Bg7 17. Bd4 e5 18. Be3 Nxe3 19. Rxe3 Ke7
20. b5 Na5 21. a4 Rc8 22. Rc1 Bh6 23. Rd3 Nb3 24. Nxb3 Bxc1 25. Nxc1 Rc4 26.
Nd2 Rxa4 27. c4 Ra1 28. Rc3 f5 29. Kf1 Kd7 30. f3 Ra5 31. Ke2 a6 32. bxa6
Rxa6 33. Ncb3 Ra3 34. c5 Ra6 35. cxd6 Rxd6 36. Rd3 Rxd3 37. Kxd3 Kd6 38.
exf5 gxf5 39. Nc4+ Kd5 40. Ne3+ Ke6 41. Nc5+ Kf6 42. Nd7+ Ke6 43. Nb6 h5 44.
Nbc4 h4 45. Nc2 Kd5 46. h3 e4+ 47. fxe4+ fxe4+ 48. Ke3 Kxc4 49. Kxe4 Kc3 50.
Ne3 Kd2 51. Nf5 Ke2 52. Ne3 Kf2 53. Kf4 Kg1 54. Kg4 Kf2 55. Kxh4 Kxe3 56.
Kg5 Kf2 57. h4 Kxg2 58. h5 Kg3 59. h6 Kf3 60. h7 Ke4 61. h8=Q Ke3 62. Qh4
Kd3 63. Kf5 Kd2 64. Qg3 Ke2 65. Ke4 Kd2 66. Qe3+ Kc2 67. Qd3+ Kb2 68. Kd4
Ka2 69. Qb5 Ka1 70. Kc3 Ka2 71. Qb2# {Black checkmated} 1-0

[Event "ICC Open 2015"]
[Site "Internet Chess Club"]
[Date "2015.05.30"]
[Round "8"]
[White "QuieroAprender"]
[Black "Govindan"]
[Result "1-0"]
[ICCResult "Black checkmated"]
[WhiteElo "1405"]
[BlackElo "1514"]
[Opening "Ruy Lopez: old Steinitz defense"]
[ECO "C62"]
[NIC "RL.02"]
[Time "15:35:14"]
[TimeControl "180+0"]

1. e4 e5 2. Nf3 Nc6 3. Bb5 d6 4. Bxc6+ bxc6 5. O-O Nf6 6. d4 exd4 7. Qxd4
Be7 8. e5 c5 9. Qc3 Nd5 10. Qb3 Be6 11. Qb5+ Bd7 12. Qb3 Bc6 13. c4 Nb6 14.
exd6 cxd6 15. Re1 O-O 16. Qd3 Qc7 17. b3 Rad8 18. Bb2 Rfe8 19. Nbd2 Bf8 20.
Ng5 g6 21. Qh3 f5 22. Ne6 Qd7 23. Nxd8 Qxd8 24. Qc3 Kf7 25. Rxe8 Bxe8 26.
Nf3 Nd7 27. Re1 Be7 28. Qg7# {Black checkmated} 1-0

[Event "ICC Open 2015"]
[Site "Internet Chess Club"]
[Date "2015.05.30"]
[Round "8"]
[White "NAS"]
[Black "WhiteMoon"]
[Result "1-0"]
[ICCResult "Black checkmated"]
[WhiteElo "1748"]
[BlackElo "2046"]
[Opening "Scotch: Schmidt variation"]
[ECO "C45"]
[NIC "SO.04"]
[Time "15:35:26"]
[TimeControl "180+0"]

1. e4 e5 2. Nf3 Nc6 3. d4 exd4 4. Nxd4 Nf6 5. Nc3 Bb4 6. Nxc6 bxc6 7. Bd3
O-O 8. Bd2 Qe7 9. O-O Bxc3 10. Bxc3 Nxe4 11. Bxe4 Qxe4 12. Re1 Qg6 13. Re3
f6 14. Rg3 Qf7 15. Qf3 d5 16. b3 a5 17. Rd1 a4 18. h3 axb3 19. axb3 Be6 20.
Bb4 Rfe8 21. Bc5 Bd7 22. b4 Re4 23. c3 Rae8 24. Kh2 Re1 25. Rd3 Rf1 26. Qf4
Ree1 27. Rge3 g5 28. Qxc7 Rxe3 29. Rxe3 Rxf2 30. Re7 Be6 31. Qd8+ Kg7 32.
Rxf7+ Bxf7 33. Qf8+ Kg6 34. Bxf2 h5 35. Bd4 h4 36. Qe7 Kg7 37. Qxf6+ Kf8 38.
Bc5+ Kg8 39. g3 hxg3+ 40. Kxg3 g4 41. Kxg4 d4 42. cxd4 Bd5 43. Kg5 Be4 44.
Kh6 Bh7 45. Qg7# {Black checkmated} 1-0

[Event "ICC Open 2015"]
[Site "Internet Chess Club"]
[Date "2015.05.30"]
[Round "8"]
[White "putki"]
[Black "leonardoalmeida"]
[Result "0-1"]
[ICCResult "White checkmated"]
[WhiteElo "1354"]
[BlackElo "1840"]
[Opening "Scandinavian, Mieses-Kotrc gambit"]
[ECO "B01"]
[NIC "SD.01"]
[Time "15:36:23"]
[TimeControl "180+0"]

1. e4 d5 2. exd5 Qxd5 3. Nc3 Qa5 4. b4 Qxb4 5. Rb1 Qa5 6. Nf3 b6 7. Bc4 Qc5
8. Bb3 c6 9. O-O Nf6 10. d4 Qd6 11. Re1 e6 12. Ne4 Nxe4 13. Rxe4 Be7 14. c4
O-O 15. Bf4 Qd8 16. Qe2 Nd7 17. Rd1 Nf6 18. Re3 Nh5 19. Bg3 Nxg3 20. hxg3
Bf6 21. d5 cxd5 22. cxd5 exd5 23. Rxd5 Qc7 24. Red3 Be6 25. Rd6 Bxb3 26.
axb3 Rad8 27. Qd1 Rxd6 28. Rxd6 h6 29. Rd7 Qc3 30. Rxa7 Rd8 31. Qb1 Qb4 32.
Rc7 Re8 33. Qc2 g6 34. Rc8 Rxc8 35. Qxc8+ Kg7 36. Qc2 h5 37. Nd2 Qa3 38. Nc4
Qa1+ 39. Kh2 Bd4 40. Qd3 Bxf2 41. Qf3 Qg1+ 42. Kh3 Qh1# {White checkmated}
0-1

[Event "ICC Open 2015"]
[Site "Internet Chess Club"]
[Date "2015.05.30"]
[Round "8"]
[White "born2die"]
[Black "Giantvin"]
[Result "0-1"]
[ICCResult "White forfeits on time"]
[WhiteElo "1611"]
[BlackElo "1972"]
[Opening "KP: Indian opening"]
[ECO "C20"]
[NIC "KP.10"]
[Time "15:34:42"]
[TimeControl "180+0"]

1. e4 e5 2. d3 d5 3. f3 dxe4 4. dxe4 Qxd1+ 5. Kxd1 Bc5 6. Bc4 Nf6 7. c3 O-O
8. Ke2 c6 9. a4 Nbd7 10. b4 Bd6 11. Be3 Rd8 12. Nd2 Nf8 13. Nb3 b6 14. Rd1
Be6 15. Bxe6 Nxe6 16. Nh3 c5 17. b5 a6 18. Ra1 a5 19. Nd2 Bc7 20. Nc4 Nd7
21. Rad1 Ndf8 22. Bg5 f6 23. Be3 Kf7 24. g4 g5 25. Nf2 Ng6 26. h3 Rxd1 27.
Rxd1 Ke7 28. Bc1 Rh8 29. Ne3 Ngf4+ 30. Kf1 Ng7 31. Nd5+ Nxd5 32. Rxd5 Ne6
33. Nd1 h5 34. Kg2 hxg4 35. fxg4 Nf4+ 36. Bxf4 exf4 37. Nf2 Be5 38. c4 Bd4
39. Nd3 f3+ 40. Kxf3 Rxh3+ 41. Ke2 Rg3 42. e5 fxe5 43. Nxe5 Bxe5 44. Rxe5+
Kf6 45. Rd5 Rxg4 46. Kd3 Rd4+ 47. Kc3 Rxd5 48. cxd5 Ke5 49. Kc4 g4 50. d6
Kxd6 51. Kd3 g3 52. Ke3 c4 53. Kf3 c3 54. Kxg3 c2 55. Kf2 c1=Q 56. Ke2 Qc4+
{White forfeits on time}
0-1

[Event "ICC Open 2015"]
[Site "Internet Chess Club"]
[Date "2015.05.30"]
[Round "8"]
[White "FedoseevVl95"]
[Black "DanielDelPaso"]
[Result "1-0"]
[ICCResult "Black checkmated"]
[WhiteElo "3036"]
[BlackElo "2693"]
[Opening "Sicilian: dragon variation"]
[ECO "B70"]
[NIC "SI.15"]
[Time "15:35:31"]
[TimeControl "180+0"]

1. e4 c5 2. Nf3 d6 3. d4 cxd4 4. Nxd4 Nf6 5. Nc3 g6 6. Be2 Bg7 7. O-O O-O 8.
Nb3 Nc6 9. Re1 Be6 10. Be3 Na5 11. Nd4 Bc4 12. Bf3 Ba6 13. b3 Rc8 14. Nd5 b5
15. Qd2 Nc6 16. Nxc6 Rxc6 17. Nxf6+ exf6 18. e5 Rc7 19. exd6 Rd7 20. Bc5 Bb7
21. Bxb7 Rxb7 22. Qd5 Rd7 23. Rad1 f5 24. Re7 Bf6 25. g3 f4 26. Qf3 Bg5 27.
Kg2 fxg3 28. hxg3 Qc8 29. Rxd7 Qxd7 30. Rd5 Bd8 31. c4 bxc4 32. bxc4 Re8 33.
Bd4 Re1 34. Re5 Rc1 35. c5 h5 36. Qe4 Bf6 37. Re8+ Kg7 38. Bxf6+ Kxf6 39.
Qe5# {Black checkmated} 1-0

[Event "ICC Open 2015"]
[Site "Internet Chess Club"]
[Date "2015.05.30"]
[Round "8"]
[White "f8"]
[Black "jps7"]
[Result "0-1"]
[ICCResult "White forfeits on time"]
[WhiteElo "1395"]
[BlackElo "1576"]
[Opening "French: exchange variation"]
[ECO "C01"]
[NIC "FR.01"]
[Time "15:34:55"]
[TimeControl "180+0"]

1. e4 e6 2. d4 d5 3. exd5 exd5 4. Nf3 Nf6 5. Bd3 Be7 6. O-O O-O 7. Bg5 b6 8.
c3 Bb7 9. Nbd2 Nbd7 10. Re1 h6 11. Bh4 Re8 12. Qc2 c5 13. Bb5 cxd4 14. Nxd4
Rc8 15. Qf5 Ne4 16. Bxe7 Rxe7 17. Nxe4 dxe4 18. Rad1 g6 19. Qf4 Kg7 20. Nb3
Qc7 21. Qxc7 Rxc7 22. Nd4 Nf6 23. Ba4 a6 24. Bc2 b5 25. a3 Re5 26. Rd2 Rce7
27. Rde2 Bd5 28. b3 g5 29. h3 Bb7 30. f3 e3 31. Bd3 Nd5 32. c4 Nf4 33. Nf5+
Kf6 34. Rxe3 Nxd3 {White forfeits on time} 0-1

[Event "ICC Open 2015"]
[Site "Internet Chess Club"]
[Date "2015.05.30"]
[Round "8"]
[White "olimpus"]
[Black "QuintilianoR"]
[Result "1-0"]
[ICCResult "Black resigns"]
[WhiteElo "2789"]
[BlackElo "2511"]
[Opening "Sicilian: closed, 6.f4"]
[ECO "B25"]
[NIC "SI.45"]
[Time "15:36:17"]
[TimeControl "180+0"]

1. g3 c5 2. Bg2 Nc6 3. e4 g6 4. Nc3 Bg7 5. d3 d6 6. f4 e6 7. Nf3 Nge7 8. O-O
O-O 9. Be3 b6 10. g4 d5 11. Bf2 dxe4 12. Nxe4 Nd5 13. Bh4 Qc7 14. Nfd2 Ne3
15. Qe2 Nxf1 16. Rxf1 Nd4 17. Qf2 Bb7 18. Bf6 Bxf6 19. Nxf6+ Kg7 20. Qh4 h6
21. Bxb7 Qxb7 22. Nde4 Ne2+ 23. Kg2 Rfd8 24. Rf2 Nd4 25. Kg1 Qe7 26. f5 exf5
27. gxf5 g5 28. Qh3 Qe5 29. Ng4 {Black resigns} 1-0

[Event "ICC Open 2015"]
[Site "Internet Chess Club"]
[Date "2015.05.30"]
[Round "8"]
[White "DDT3000"]
[Black "JCarllsen"]
[Result "1-0"]
[ICCResult "Black forfeits on time"]
[WhiteElo "2130"]
[BlackElo "1898"]
[Opening "Caro-Kann: Panov-Botvinnik attack"]
[ECO "B13"]
[NIC "CK.03"]
[Time "15:35:23"]
[TimeControl "180+0"]

1. e4 c6 2. d4 d5 3. exd5 cxd5 4. c4 Nf6 5. Nc3 Be6 6. c5 g6 7. Nf3 Bg7 8.
Bb5+ Nc6 9. O-O O-O 10. Bxc6 bxc6 11. Ne5 Rc8 12. Qa4 Qc7 13. Bf4 Qb7 14. b4
Nd7 15. Rfe1 Nxe5 16. Bxe5 a6 17. a3 Rce8 18. Bxg7 Kxg7 19. Qc2 Bd7 20. Qd2
Qc7 21. Qg5 f6 22. Qh4 e5 23. Rad1 g5 24. Qg3 h6 25. h4 Qb8 26. Qd3 e4 27.
Qxa6 Qf4 28. Qb7 Rf7 29. g3 Qg4 30. hxg5 hxg5 31. Qa6 Rh8 32. Qf1 Qh5 33.
Qg2 Bh3 34. Qh2 Qg6 35. b5 Bg4 36. Qg2 {Black forfeits on time} 1-0

[Event "ICC Open 2015"]
[Site "Internet Chess Club"]
[Date "2015.05.30"]
[Round "8"]
[White "wagnerbi"]
[Black "ehkopean"]
[Result "1-0"]
[ICCResult "Black checkmated"]
[WhiteElo "1924"]
[BlackElo "1731"]
[Opening "Benkö gambit accepted"]
[ECO "A58"]
[NIC "BI.41"]
[Time "15:35:08"]
[TimeControl "180+0"]

1. d4 Nf6 2. c4 c5 3. d5 b5 4. cxb5 a6 5. bxa6 Bxa6 6. Nc3 g6 7. Nf3 Bg7 8.
h3 d6 9. e4 Bxf1 10. Kxf1 O-O 11. Kg1 Na6 12. Kh2 Qb6 13. Re1 Rfb8 14. Re2
Nb4 15. a3 Nd7 16. Bg5 f6 17. Be3 Na6 18. b4 Qc7 19. b5 Nb4 20. axb4 cxb4
21. Na4 f5 22. Rc1 Qa5 23. Nb2 Qxb5 24. Nd4 Qb7 25. Nc6 Ne5 26. Bd4 Rc8 27.
f4 Nxc6 28. dxc6 Rxc6 29. Bxg7 Kxg7 30. Qd4+ Kg8 31. Qd5+ Kg7 32. Rxc6 fxe4
33. Rxe4 Qd7 34. Rec4 Rf8 35. Qd4+ Kh6 36. Rc7 Qf5 37. Rxe7 Qxf4+ 38. Qxf4+
Rxf4 39. Rxf4 g5 40. Rf8 g4 41. Kg3 gxh3 42. Rg8 h2 43. Kxh2 d5 44. Re3 d4
45. Rh3# {Black checkmated} 1-0

[Event "ICC Open 2015"]
[Site "Internet Chess Club"]
[Date "2015.05.30"]
[Round "8"]
[White "oviwan68"]
[Black "Meditator"]
[Result "1-0"]
[ICCResult "Black resigns"]
[WhiteElo "1986"]
[BlackElo "2242"]
[Opening "Sicilian: Hungarian variation"]
[ECO "B27"]
[NIC "SI.43"]
[Time "15:35:30"]
[TimeControl "180+0"]

1. e4 c5 2. Nf3 g6 3. g3 Bg7 4. Bg2 Nc6 5. O-O d6 6. Re1 Nf6 7. c3 O-O 8. a3
Bg4 9. h3 Bxf3 10. Qxf3 Nd7 11. d3 b5 12. Qe2 Rb8 13. Bg5 h6 14. Be3 a5 15.
Nd2 b4 16. axb4 axb4 17. Rec1 bxc3 18. bxc3 Rb2 19. Qd1 Nde5 20. Bf1 Qb6 21.
f4 Nd7 22. Nc4 Qb3 23. Nxb2 Qxb2 24. Rab1 Qa3 25. Qb3 Qa5 26. Qb5 Qc7 27.
Qb7 Rc8 28. Qxc7 Rxc7 29. Bg2 e6 30. e5 d5 31. c4 d4 32. Bd2 g5 33. h4 gxh4
34. gxh4 f6 35. exf6 Nxf6 36. Rb6 Nd8 37. Rb8 Kh7 38. Rxd8 {Black resigns}
1-0

[Event "ICC Open 2015"]
[Site "Internet Chess Club"]
[Date "2015.05.30"]
[Round "8"]
[White "JobbyleHut"]
[Black "BishopStars"]
[Result "0-1"]
[ICCResult "White forfeits on time"]
[WhiteElo "1375"]
[BlackElo "1312"]
[Opening "Mieses opening"]
[ECO "A00"]
[NIC "VO.13"]
[Time "15:35:00"]
[TimeControl "180+0"]

1. d3 d5 2. e4 d4 3. c4 c5 4. f4 Nc6 5. Nf3 b6 6. h3 Bb7 7. g4 Qc7 8. Bg2 e5
9. f5 g6 10. Bg5 f6 11. Bh4 g5 12. Bg3 Nge7 13. Na3 a6 14. Nc2 Nc8 15. h4
Be7 16. hxg5 fxg5 17. Qd2 Qd8 18. a3 Nd6 19. Rb1 Nf7 20. b4 h6 21. bxc5 Bxc5
22. Nb4 Bxb4 23. axb4 Qd6 24. c5 Qc7 25. Qc2 b5 26. Kd2 a5 27. bxa5 Qxa5+
28. Ke2 b4 29. Ra1 Qb5 30. Rxa8+ Bxa8 31. Ra1 O-O 32. Rh1 Bb7 33. Qd2 Ba6
34. Ne1 b3 35. Qb2 Nb4 {White forfeits on time} 0-1

[Event "ICC Open 2015"]
[Site "Internet Chess Club"]
[Date "2015.05.30"]
[Round "8"]
[White "regenmaker"]
[Black "DogGambit"]
[Result "1-0"]
[ICCResult "Black forfeits on time"]
[WhiteElo "1865"]
[BlackElo "1675"]
[Opening "Réti v Dutch"]
[ECO "A04"]
[NIC "QP.11"]
[Time "15:34:51"]
[TimeControl "180+0"]

1. Nf3 f5 2. g3 Nf6 3. Bg2 d6 4. O-O e5 5. c4 Be7 6. Nc3 c6 7. e4 O-O 8.
exf5 Bxf5 9. d4 Qc7 10. dxe5 dxe5 11. Re1 Nbd7 12. Qb3 Kh8 13. Na4 h6 14.
Be3 Be6 15. Nh4 Kg8 16. Ng6 Rfe8 17. Qc2 Bf7 18. Nxe7+ Rxe7 19. Nc5 Rae8 20.
Nxd7 Rxd7 21. Rad1 a6 22. b3 Red8 23. Bf3 Rxd1 24. Rxd1 Rxd1+ 25. Qxd1 Qd7
26. Qxd7 Nxd7 27. Kg2 Be6 28. h3 Kf7 29. Bh5+ g6 30. Bf3 h5 31. Bg5 Nf6 32.
Bxf6 Kxf6 33. Be4 Bf5 34. Kf3 g5 35. g4 hxg4+ 36. hxg4 Be6 37. Kg3 Bc8 38.
f3 c5 39. Kf2 b6 40. Ke3 Bd7 41. Kd3 a5 42. Kc3 a4 43. b4 Be6 44. Bc2 a3 45.
Bd3 Bd7 46. b5 Bc8 47. Kb3 Bb7 48. Be2 e4 49. fxe4 Ke5 50. Kxa3 Bxe4 51. Kb3
Kf4 52. a4 Bf3 53. Bxf3 Kxf3 54. a5 Kxg4 55. axb6 Kf3 56. b7 g4 57. b8=Q g3
58. Qf8+ Ke2 59. Qxc5 {Black forfeits on time} 1-0

[Event "ICC Open 2015"]
[Site "Internet Chess Club"]
[Date "2015.05.30"]
[Round "8"]
[White "EbbeK"]
[Black "cap78red"]
[Result "0-1"]
[ICCResult "White resigns"]
[WhiteElo "1489"]
[BlackElo "1406"]
[Opening "Alekhine's defense: Scandinavian variation"]
[ECO "B02"]
[NIC "AL.10"]
[Time "15:35:35"]
[TimeControl "180+0"]

1. e4 Nf6 2. Nc3 d5 3. exd5 Nxd5 4. Bc4 Nxc3 5. bxc3 e6 6. d4 c5 7. Be3 Nc6
8. d5 exd5 9. Bxd5 Be7 10. Bxc6+ bxc6 11. Nf3 Qxd1+ 12. Rxd1 O-O 13. O-O Bf5
14. Rd2 Rad8 15. Rfd1 Bxc2 16. Rxd8 Rxd8 17. Rxd8+ Bxd8 18. Bxc5 Bb6 19. Bd6
Be4 20. Ne5 f6 21. Nc4 Bd5 22. Nxb6 axb6 23. a3 b5 24. f3 Kf7 25. Kf2 Ke6
26. Bc5 Kf5 27. Ke3 g5 28. g4+ Ke6 29. f4 gxf4+ 30. Kxf4 Bc4 31. Bd4 Be2 32.
h4 h5 33. g5 fxg5+ 34. Kxg5 Kd5 35. Kf6 c5 36. Be5 Kc4 37. Ke6 Kb3 38. Kd5
c4 39. Kc5 Kxa3 40. Kxb5 Kb3 41. Ka5 Kc2 42. Kb5 Kd3 43. Kc5 Ke4 44. Bf6 Kf5
45. Bg5 Ke4 46. Bh6 Kd3 47. Kd5 Kxc3 48. Ke4 Kb2 49. Ke3 Bg4 50. Kd2 c3+ 51.
Kd3 c2 52. Ke4 c1=Q 53. Bxc1+ Kxc1 54. Kf4 Kd2 55. Kg3 Ke2 56. Kg2 Ke3 57.
Kg3 Ke4 58. Kg2 Kf4 59. Kh2 Kf3 60. Kg1 Kg3 61. Kh1 Kxh4 62. Kg1 Kg3 63. Kh1
Bf3+ 64. Kg1 h4 65. Kf1 h3 66. Ke1 h2 {White resigns} 0-1

[Event "ICC Open 2015"]
[Site "Internet Chess Club"]
[Date "2015.05.30"]
[Round "8"]
[White "Impite"]
[Black "Much-Acclaimed"]
[Result "0-1"]
[ICCResult "White checkmated"]
[WhiteElo "1188"]
[BlackElo "1949"]
[Opening "Polish (Sokolsky) opening"]
[ECO "A00"]
[NIC "VO.10"]
[Time "15:35:03"]
[TimeControl "180+0"]

1. b4 Nf6 2. Bb2 c6 3. a3 a5 4. c3 axb4 5. cxb4 e6 6. Nf3 d5 7. e3 Bd6 8.
Nc3 Nbd7 9. Bd3 e5 10. Bb1 e4 11. Nd4 g6 12. O-O O-O 13. f4 exf3 14. Rxf3
Ne4 15. Nxe4 dxe4 16. Bxe4 Qe7 17. Bc2 Ne5 18. Rf1 Qh4 19. g3 Qh3 20. Nf3
Bg4 21. Bxe5 Bxe5 22. Be4 Bxa1 23. Qxa1 Bxf3 24. Bxf3 Rad8 25. d4 Rfe8 26.
Qc3 Qh6 27. Re1 Re7 28. e4 Red7 29. Rd1 Qg7 30. e5 h5 31. Bg2 h4 32. g4 Qh6
33. h3 Qf4 34. e6 fxe6 35. Rf1 Qxd4+ 36. Qxd4 Rxd4 37. Rf6 Rd1+ 38. Kh2 R1d2
39. Rxg6+ Kf7 40. Rh6 Rf2 41. Rh7+ Kg6 42. Rxh4 Rdd2 43. Rh8 Rxg2+ 44. Kh1
Rge2 45. Rg8+ Kf7 46. Rh8 Rd1# {White checkmated} 0-1

[Event "ICC Open 2015"]
[Site "Internet Chess Club"]
[Date "2015.05.30"]
[Round "8"]
[White "faust"]
[Black "Darnoc"]
[Result "1-0"]
[ICCResult "Black checkmated"]
[WhiteElo "3224"]
[BlackElo "3023"]
[Opening "French: Two knights variation"]
[ECO "C00"]
[NIC "FR.01"]
[Time "15:36:10"]
[TimeControl "180+0"]

1. e4 e6 2. Nf3 d5 3. Nc3 Nf6 4. e5 Nfd7 5. d4 c5 6. dxc5 Nc6 7. Bf4 Bxc5 8.
Bd3 f6 9. exf6 Nxf6 10. Qe2 O-O 11. O-O-O Nh5 12. Bg5 Nf4 13. Bxf4 Rxf4 14.
Kb1 Bd7 15. h4 Qf6 16. Nb5 Rf8 17. Rhe1 a6 18. Nc7 Nd4 19. Nxd4 Bxd4 20.
Nxe6 Bxe6 21. Qxe6+ Qxe6 22. Rxe6 Bxf2 23. h5 Bc5 24. a3 Rg4 25. Re5 Rxg2
26. Rxd5 Be7 27. Rd7 Bf6 28. Rxb7 a5 29. Ra7 Rg5 30. Be2 Rb8 31. b3 Re5 32.
Bf3 Be7 33. Rd5 Re3 34. Bg4 Re1+ 35. Bd1 Bxa3 36. Raxa5 Bb4 37. Ra4 Bc3 38.
Rc4 Bf6 39. b4 Ra8 40. c3 Re3 41. Kb2 Kf7 42. Rd2 Ke8 43. Bc2 Rb8 44. Kb3 h6
45. Re4+ Rxe4 46. Bxe4 Be7 47. Bg6+ Kf8 48. Rf2+ Bf6 49. c4 Ke7 50. c5 Bd4
51. Re2+ Kf6 52. Kc4 Be5 53. b5 Bc7 54. Ra2 Rd8 55. b6 Be5 56. Rf2+ Ke6 57.
Kb5 Bd4 58. Re2+ Kd5 59. Bf7# {Black checkmated} 1-0

[Event "ICC Open 2015"]
[Site "Internet Chess Club"]
[Date "2015.05.30"]
[Round "8"]
[White "BoardLord"]
[Black "Wahman"]
[Result "1-0"]
[ICCResult "Black checkmated"]
[WhiteElo "2244"]
[BlackElo "2186"]
[Opening "Sicilian: Anderssen variation"]
[ECO "B41"]
[NIC "SI.41"]
[Time "15:35:29"]
[TimeControl "180+0"]

1. e4 c5 2. Nf3 e6 3. d4 cxd4 4. Nxd4 Nf6 5. Bd3 Nc6 6. Nxc6 bxc6 7. O-O d5
8. Nd2 Be7 9. Kh1 O-O 10. Qf3 a5 11. c4 Ba6 12. Rd1 Qb6 13. e5 Nd7 14. Qg3
g6 15. b3 Qd4 16. Rb1 Qxe5 17. f4 Qg7 18. Bb2 Bf6 19. Ba3 Rfe8 20. Nf3 Rad8
21. Bd6 Be7 22. Bxe7 Rxe7 23. Ne5 Nxe5 24. fxe5 dxc4 25. Bxc4 Rxd1+ 26. Rxd1
Bxc4 27. Rd8+ Qf8 28. Rxf8+ Kxf8 29. bxc4 Rd7 30. h3 Rd2 31. Qb3 Kg7 32. a4
Rd4 33. Qc3 Re4 34. Qxa5 Rxc4 35. Qa7 c5 36. a5 Rc1+ 37. Kh2 c4 38. a6 Ra1
39. Qb7 c3 40. a7 c2 41. Qc7 Rxa7 42. Qxc2 Rd7 43. Qf2 Rd5 44. Qf6+ Kg8 45.
h4 h5 46. Kg3 Rd4 47. Kf3 Rg4 48. g3 Rd4 49. Ke3 Rg4 50. Qf3 Kg7 51. Qf6+
Kg8 52. Kf3 Rd4 53. Qe7 Rd3+ 54. Kf4 Rd4+ 55. Kg5 Rd3 56. Kh6 Rd8 57. Qxd8#
{Black checkmated}
1-0

[Event "ICC Open 2015"]
[Site "Internet Chess Club"]
[Date "2015.05.30"]
[Round "8"]
[White "ivancele"]
[Black "Borknagar"]
[Result "0-1"]
[ICCResult "White forfeits on time"]
[WhiteElo "1657"]
[BlackElo "1955"]
[Opening "QGD Slav: Breyer variation"]
[ECO "D10"]
[NIC "SL.01"]
[Time "15:35:13"]
[TimeControl "180+0"]

1. d4 d5 2. c4 c6 3. Nd2 Nf6 4. Ngf3 g6 5. g3 Bg7 6. Bg2 O-O 7. O-O Bg4 8.
b3 e6 9. Bb2 Bxf3 10. Nxf3 Nbd7 11. e3 Qa5 12. Qc2 Rac8 13. Bc3 Qc7 14. Rac1
Ne4 15. Ba1 Ndf6 16. cxd5 exd5 17. Ne5 Qe7 18. f3 Nd6 19. Rfe1 Nd7 20. Nxd7
Qxd7 21. Rcd1 f5 22. e4 fxe4 23. fxe4 dxe4 24. Bxe4 Nxe4 25. Rxe4 Qf5 26.
Qe2 Qf3 27. Rf1 Qxe2 28. Rxe2 Rxf1+ 29. Kxf1 Kf7 30. Kg2 Rd8 31. Re4 Rd7 32.
Kf3 c5 33. Ke3 cxd4+ 34. Bxd4 Bh6+ 35. Kd3 Bg7 36. Kc4 Rc7+ 37. Kd3 Bh6 38.
a4 a6 39. h4 Rc1 40. g4 Rd1+ 41. Kc4 Bf8 42. h5 Rc1+ 43. Kd3 gxh5 44. gxh5
Rd1+ 45. Kc4 Rh1 46. Rf4+ Ke8 47. Rf5 h6 {White forfeits on time} 0-1

[Event "ICC Open 2015"]
[Site "Internet Chess Club"]
[Date "2015.05.30"]
[Round "8"]
[White "esk"]
[Black "catman"]
[Result "1-0"]
[ICCResult "Black resigns"]
[WhiteElo "1898"]
[BlackElo "1648"]
[Opening "Richter-Veresov attack"]
[ECO "D01"]
[NIC "QP.07"]
[Time "15:35:31"]
[TimeControl "180+0"]

1. d4 Nf6 2. Nc3 d5 3. Bg5 Nbd7 4. Qd3 c6 5. Nf3 Qa5 6. O-O-O h6 7. Bh4 g5
8. Bg3 Bg7 9. Ne5 Nxe5 10. dxe5 Nd7 11. e4 dxe4 12. Qxe4 Nxe5 13. Bxe5 Qxe5
14. Qxe5 Bxe5 15. Re1 Bxc3 16. bxc3 Be6 17. Kb2 Rd8 18. Bd3 Rd6 19. Re2 Kd7
20. Rhe1 Kc7 21. c4 c5 22. Re5 b6 23. g3 Rd4 24. R1e4 Rhd8 25. Rxd4 Rxd4 26.
Kc3 Kd6 27. Re3 f6 28. a4 Bf7 29. Re1 e5 30. Ra1 e4 31. Bf1 f5 32. a5 Ke5
33. axb6 axb6 34. Ra6 f4 35. gxf4+ gxf4 36. Rxb6 e3 37. fxe3 fxe3 38. Rxh6
Rf4 39. Bd3 Rf2 40. Rh3 Kf4 41. Rh4+ Kg5 42. Re4 Rf3 43. Re5+ Kf6 44. Rxc5
Rf2 45. Rc6+ Be6 46. h4 Rh2 47. Be4 Rxh4 48. Bd5 Rh3 49. Rxe6+ Kf5 50. Kd3
Rg3 51. Ke2 Rh3 52. Re8 Rh2+ 53. Kxe3 Rxc2 54. Kd4 Rd2+ 55. Kc5 Kf6 56. Rf8+
Ke7 57. Rf7+ Ke8 58. Kb6 Rxd5 59. cxd5 Kxf7 60. Kc7 Kf6 61. d6 {Black
resigns} 1-0